 Dungeon Crawl Stone Soup version 0.16.2-12-gd0ad4c3 (webtiles) character file.

56 Kloppie the Vexing (level 3, 0/16 HPs)
             Began as a Vine Stalker Enchanter on Oct 27, 2015.
             Succumbed to an adder's poison
             ... on level 2 of the Dungeon.
             The game lasted 00:02:13 (1109 turns).

Kloppie the Vexing (Vine Stalker Enchanter)         Turns: 1109, Time: 00:02:13

Health: 0/16       AC:  3    Str: 10    XL:     3   Next: 95%
Magic:  5/7        EV: 17    Int: 15    God:
Gold:   53         SH:  0    Dex: 20    Spells: 1 memorised, 5 levels left

rFire  . . .     SeeInvis .     a - +1 dagger
rCold  . . .     Clarity  .     e - +0 leather armour
rNeg   . . .     SustAb   .     (no shield)
rPois  .         Gourm    .     (no helmet)
rElec  .         Spirit   +     (no cloak)
rCorr  .         Warding  .     (no gloves)
rMut   .         Stasis   .     (no boots)
MR     .....                    (no amulet)
Stlth  ++++......               (no ring)
                                (no ring)

@: agile, lethally poisoned (0 -> -1), not resistant to hostile enchantments,
stealthy
A: fangs 2, regeneration 1, magic shield, antimagic bite, no device heal 3, rot
immunity
a: no special abilities


You were on level 2 of the Dungeon.
You were hungry.

You visited 1 branch of the dungeon, and saw 2 of its levels.

You collected 53 gold pieces.

Inventory:

Hand weapons
 a - a +1 dagger (weapon)
Armour
 b - a +1 robe
 e - a +0 leather armour (worn)
Scrolls
 f - a scroll of amnesia {unknown}
 g - 3 scrolls of identify {unknown}
 i - a scroll of enchant weapon {unknown}
 j - a scroll of teleportation {unknown}
 k - 2 scrolls of enchant armour {unknown}
 n - a scroll of magic mapping {unknown}
 o - a scroll of blinking {unknown}
Books
 c - a book of Maledictions

   Spells                             Type                      Level
   a - Corona                         Hexes                        1
   b - Sure Blade                     Hexes/Charms                 2
   c - Ensorcelled Hibernation        Hexes/Ice                    2
   d - Confuse                        Hexes                        3
   e - Dazzling Spray                 Conjuration/Hexes            3
   f - Enslavement                    Hexes                        4
Comestibles
 d - 2 bread rations
 h - a meat ration


   Skills:
 + Level 2.2 Short Blades
 - Level 1.5 Dodging
 - Level 3.6 Stealth
 - Level 2.1 Spellcasting
 + Level 4.0 Hexes


You had 5 spell levels left.
You knew the following spells:

 Your Spells              Type           Power        Failure   Level  Hunger
a - Corona                Hex            ##.....      8%          1    #......


Dungeon Overview and Level Annotations

Branches:
Dungeon (2/15)

Altars:


Innate Abilities, Weirdness & Mutations

You have extremely sharp teeth.
Your natural rate of healing is unusually fast.
When hurt, damage is shared between your health and your magic reserves.
Your bite disrupts and absorbs the magic of your enemies.
Potions and wands cannot restore your health.
You are immune to rotting.


Message History

You are too injured to fight recklessly!
You hit the adder.
You kill the adder!
Your Hexes skill increases to level 4!
* * * LOW HITPOINT WARNING * * *
You feel sick.
Drink which item? (? for menu, Esc to quit)
It was a potion of heal wounds.
That seemed strangely inert.
Drink which item? (? for menu, Esc to quit)
It was a potion of agility.
You feel agile all of a sudden.
* * * LOW HITPOINT WARNING * * *
You feel sick.
* * * LOW HITPOINT WARNING * * *
You feel sick.
* * * LOW HITPOINT WARNING * * *
You feel sick.
* * * LOW HITPOINT WARNING * * *
You feel sick.
You die...

#.#.# #.#.# ##.#.#
#####....#############
.......#..............#
#...#####.######.#
##.## #.# #[# #.# #.#
#.# #@# #.# #.#
#.######.######.#
..##...#........#
#####.......†...>#
#...########.# ##.##
#.# #)# #.## #.# #...
### #.# ####


There were no monsters in sight!

Vanquished Creatures
  2 adders (D:2)
  A worm (D:2)
  An ooze (D:2)
  2 giant geckos
  5 bats (D:1)
  2 giant cockroaches
  3 hobgoblins
  2 kobolds (D:2)
  A ball python (D:1)
  A giant newt (D:1)
  6 goblins (D:1)
  3 rats (D:1)
29 creatures vanquished.

Notes
Turn   | Place    | Note
--------------------------------------------------------------
     0 | D:1      | Kloppie, the Vine Stalker Enchanter, began the quest for the Orb.
     0 | D:1      | Reached XP level 1. HP: 9/9 MP: 3/3
     4 | D:1      | Reached skill level 1 in Short Blades
   128 | D:1      | Reached XP level 2. HP: 10/13 MP: 5/5
   771 | D:2      | Reached XP level 3. HP: 3/16 MP: 2/7
  1100 | D:2      | Reached skill level 4 in Hexes
  1109 | D:2      | Succumbed to an adder's poison

Action                   || total
-------------------------++-------
Melee: Dagger            ||   121
  Use: Potion            ||     2
 Stab: Sleeping          ||     9
